Unix NetHack Version 5.0.0-0 post-release - last build Jun 10 2026 00:39:30 (3ee93aec679c4c4259841fe613dc97188e26a321,branch:main).

Game began 2026-07-08 04:14:06, ended 2026-07-08 04:27:03.

JohnDarcy, neutral male human Tourist

          -----    -------
          |.<.-    |..o@i|
          |.).|    |..ooo|
          |)...    ....^..
          |...-    -----.-
          |...|
          --|--






            =
            %
            .
           ---

JohnDarcy the Sightseer     St:13 Dx:8 Co:18 In:11 Wi:8 Ch:18  Neutral
Dlvl:5  $:293 HP:0(46) Pw:16(16) AC:10 Xp:5 T:910 

Latest messages:
 The tengu appears next to you!
 The hill orc wields a curved sword!
 What do you want to write with? [- apqsz or ?*] -
 You write in the dust with your fingertip.
 What do you want to write in the dust here? Elbereth
 The tengu bites!
 The hill orc turns to flee.
 The hill orc turns to flee.
 The hill orc turns to flee.
 The hill orc wields a curved sword!
 The hill orc turns to flee.
 Something is written here in the dust.
 You read: "Elbereth".
 You see no objects here.
 The tengu bites!
 Something is written here in the dust.
 You read: "Elbereth".
 You see no objects here.
 What do you want to drink? [jtC or ?*] ?
 You feel much better.
 What do you want to throw? [$apqs or ?*] a
 In what direction? 3
 The dart hits the tengu.
 The tengu bites!
 What do you want to throw? [$apqs or ?*] a
 In what direction? 3
 The dart misses the tengu.
 The hill orc swings her curved sword.
 The hill orc hits!
 What do you want to throw? [$apqs or ?*] a
 In what direction? 6
 The dart hits the tengu.
 The tengu bites!
 The hill orc picks up 2 +2 darts.
 The hill orc swings her curved sword.
 The hill orc hits!
 The tengu bites!
 What do you want to throw? [$apqs or ?*] a
 In what direction? 6
 The dart hits the tengu!
 The tengu bites!
 The hill orc hits!
 The hill orc swings her curved sword.
 The hill orc hits!
 Are you sure you want to pray? [yn] (n) y
 You begin praying to The Lady.
 The tengu bites!
 The tengu bites!
 You die...
 Do you want your possessions identified? [ynq] (y) q

Inventory:
 Coins    ('$')
  $ - 293 gold pieces
 Weapons  (')')
  a - 7 +2 darts (at the ready)
  q - a +0 orcish dagger
  s - a +0 flail
  p - a blessed +3 long sword
 Armor    ('[')
  r - an uncursed +0 orcish helm
  l - an uncursed +0 Hawaiian shirt with a sea turtle motif (being worn)
 Comestibles  ('%')
  g - an uncursed banana
  d - an uncursed candy bar labeled "Moon Crunchy"
  b - 2 uncursed cream pies
  e - 5 uncursed food rations
  m - an uncursed lembas wafer
  h - an uncursed tripe ration
  i - 2 uncursed tins of boiled newt meat
  f - an uncursed egg
  w - an uncursed lichen corpse
 Scrolls  ('?')
  v - a cursed scroll of enchant armor
  k - 4 uncursed scrolls of magic mapping
  y - an uncursed scroll of scare monster
  B - an uncursed scroll of teleportation
 Potions  ('!')
  t - an uncursed potion of healing
  C - a blessed potion of sickness
 Wands    ('/')
  z - a wand of slow monster (0:3)
 Tools    ('(')
  x - an empty uncursed unlocked large box
  n - an uncursed credit card
  c - an expensive camera (0:61)

JohnDarcy the Tourist's attributes:

Background:
 You were a Sightseer, a level 5 male human Tourist.
 You were neutral, on a mission for The Lady
 who was opposed by Blind Io (lawful) and Offler (chaotic).
 You were right-handed.
 You were in the Dungeons of Doom, on level 5.
 You entered the dungeon 910 turns ago.
 It was nighttime.
 You had 195 experience points, 125 more were needed to attain level 6.

Basics:
 You had 0 out of 46 hit points.
 You had all 16 energy points (spell power).
 Your armor class was 10.
 Your wallet contained 293 zorkmids.
 Autopickup was off.

Final Characteristics:
 Your strength was 13 (limit:18/100).
 Your dexterity was 8 (limit:18).
 Your constitution was 18 (limit:18).
 Your intelligence was 11 (limit:18).
 Your wisdom was 8 (limit:18).
 Your charisma was 18 (limit:18).

Final Status:
 You weren't hungry.
 You were unencumbered.
 You were bare handed.
 You were unskilled in bare handed combat.

Final Attributes:
 You were fervently aligned.
 You are dead.

Miscellaneous:
 You encountered 1 bones level.
 Total elapsed playing time was 12 minutes and 55 seconds.

Major events:
 Turn
    1: JohnDarcy the neutral male human Tourist entered the dungeon
  678: attained the rank of Sightseer (level 3)
  910: killed by a tengu, while praying

You didn't know any spells.

Skills:
 Fighting Skills
   bare handed combat [Unskilled]
   two weapon combat  [Unskilled]
   riding             [Unskilled]
 Weapon Skills
   dagger             [Unskilled]
   knife              [Unskilled]
   axe                [Unskilled]
   pick-axe           [Unskilled]
   short sword        [Unskilled]
   broadsword         [Unskilled]
   long sword         [Unskilled]
   two-handed sword   [Unskilled]
   saber              [Unskilled]
   mace               [Unskilled]
   morning star       [Unskilled]
   flail              [Unskilled]
   hammer             [Unskilled]
   quarterstaff       [Unskilled]
   polearms           [Unskilled]
   spear              [Unskilled]
   trident            [Unskilled]
   lance              [Unskilled]
   bow                [Unskilled]
   sling              [Unskilled]
   crossbow           [Unskilled]
   dart               [Basic]
   shuriken           [Unskilled]
   boomerang          [Unskilled]
   whip               [Unskilled]
   unicorn horn       [Unskilled]
 Spellcasting Skills
   divination spells  [Unskilled]
   enchantment spells [Unskilled]
   escape spells      [Unskilled]

Voluntary challenges:
 Character rerolling was not enabled.
 You followed a strict vegan diet.
 You never hit with a wielded weapon.
 You never genocided any monsters.
 You never polymorphed an object.
 You never changed form.
 You used no wishes.
Achievement:
 You attained the rank of Sightseer.

 The Dungeons of Doom: levels 1 to 5
    Level 1:
    Level 2:
    Level 3:
    Level 4:
    Level 5: <- You were here.
       Final resting place for
          you, killed by a tengu, while praying,
          Lia-Pri-Hum-Fem-Law, killed by a warg.


Vanquished creatures:
  a wolf
  a werewolf
  2 coyotes
  a hobbit
  a large kobold
  a giant rat
  a gecko
  4 foxes
  a kobold
  a goblin
  4 grid bugs
  a lichen
  a kobold zombie
  5 newts
25 creatures vanquished.

No species were genocided or became extinct.

Game over:
                       ----------
                      /          \
                     /    REST    \
                    /      IN      \
                   /     PEACE      \
                  /                  \
                  |    JohnDarcy     |
                  |      293 Au      |
                  |   killed by a    |
                  |      tengu       |
                  |                  |
                  |                  |
                  |       2026       |
                 *|     *  *  *      | *
        _________)/\\_//(\/(/\)/\//\/|_)_______

Aloha JohnDarcy the Tourist...

You died in The Dungeons of Doom on dungeon level 5 with 1028 points,
and 293 pieces of gold, after 910 moves.
You were level 5 with a maximum of 46 hit points when you died.

